Toronto Maple Leafs vs Anaheim Ducks
Created - Wednesday, October 16, 2024 at 10:00
Goals
|
| Toronto Maple Leafs |
0 |
1 |
0 |
0 |
2 |
2 |
| Anaheim Ducks |
0 |
0 |
1 |
0 |
0 |
1 |
|
Shots
|
| Toronto Maple Leafs |
12 |
14 |
11 |
0 |
3 |
37 |
| Anaheim Ducks |
4 |
9 |
19 |
2 |
2 |
34 |
|
1st period
No Goal
Penalties :
Josh Manson (ANA) for Fighting (Major) at 14:03, Sam Bennett (TOR) for Fighting (Major) at 14:03
2nd period
1. Toronto Maple Leafs , Brady Tkachuk 19 (Troy Terry 24, Sean Walker 13) at 18:31
Penalties :
Aaron Ekblad (TOR) for Slashing (Minor) at 12:38, Joshua Morrissey (ANA) for Cross-checking (Minor) at 15:03, Max Domi (ANA) for Delaying the game (Minor) at 19:05
3rd period
2. Anaheim Ducks , Alex Killorn 11 (William Nylander 29, John Tavares 16) at 3:15
Penalties :
J.T. Compher (ANA) for Interference (Minor) at 3:48, Sean Walker (TOR) for Holding (Minor) at 5:49, Aaron Ekblad (TOR) for Interference (Minor) at 17:09
Overtime #1
No Goal
Penalties :
No Penalty
Shootout
Toronto Maple Leafs, Dougie Hamilton - Stopped by James Reimer
Anaheim Ducks, Brenden Dillon - Stopped by Frederik Andersen
Toronto Maple Leafs, Nick Bjugstad - Goal!
Anaheim Ducks, Mark Scheifele - Stopped by Frederik Andersen
Toronto Maple Leafs, Quinton Byfield - Goal!
Penalties :
No Penalty
Goalie Stats
Frederik Andersen (TOR), 33 saves from 34 shots - (0.971), W, 9-4-2, 65:00 minutes
James Reimer (ANA), 36 saves from 37 shots - (0.973), OTL, 1-2-4, 65:00 minutes
Players Stats for Toronto Maple Leafs
Player Name G A P +/- PIM S H SB GA TA FO MP PP MP PK MP
------------------------------------------------------------------------------------
Aaron Ekblad 0 0 0 0 4 1 4 1 1 1 0/0 22:37 2:18 1:00
Andrew Mangiapane 0 0 0 0 0 1 0 0 0 1 0/1 15:06 0:00 3:03
Brady Tkachuk 1 0 1 1 0 7 2 0 3 1 0/1 18:53 3:50 0:00
Brandon Saad 0 0 0 0 0 2 1 0 0 0 0/0 11:06 2:07 0:00
Cody Ceci 0 0 0 0 0 0 3 0 0 1 0/0 20:16 0:00 2:47
Dougie Hamilton 0 0 0 -1 0 1 1 3 1 0 0/0 19:05 2:18 1:21
Mario Ferraro 0 0 0 0 0 0 2 2 0 1 0/0 22:32 0:00 3:10
Nick Bjugstad 0 0 0 0 0 3 0 0 2 0 7/14 14:50 0:00 2:54
Nicolas Roy 0 0 0 0 0 2 1 0 0 0 0/1 13:33 0:00 2:54
Nino Niederreiter 0 0 0 0 0 1 0 0 0 0 0/0 11:21 0:00 0:00
Quinton Byfield 0 0 0 -1 0 4 1 2 0 0 1/1 18:46 2:07 0:00
Ryan Pulock 0 0 0 1 0 1 0 3 0 3 0/0 27:02 3:39 2:32
Sam Bennett 0 0 0 0 5 3 1 0 1 1 0/0 6:58 0:00 0:00
Scott Laughton 0 0 0 0 0 1 0 1 0 0 3/9 13:01 0:00 3:03
Sean Walker 0 1 1 0 2 1 1 3 0 2 0/0 18:37 3:39 1:04
Tomas Hertl 0 0 0 1 0 5 0 0 0 0 7/15 15:55 3:50 0:00
Troy Terry 0 1 1 0 0 4 3 1 0 0 0/0 23:51 3:50 0:00
Wyatt Johnston 0 0 0 -1 0 0 1 0 0 0 9/23 20:30 2:07 0:00
Players Stats for Anaheim Ducks
Player Name G A P +/- PIM S H SB GA TA FO MP PP MP PK MP
------------------------------------------------------------------------------------
Alex Killorn 1 0 1 1 0 2 1 1 0 0 1/2 17:29 2:16 1:47
Alexey Toropchenko 0 0 0 -1 0 2 0 0 0 0 0/2 5:42 0:00 0:00
Brayden Schenn 0 0 0 0 0 3 1 0 2 1 0/0 21:43 0:13 3:46
Brenden Dillon 0 0 0 1 0 1 1 0 0 2 0/0 19:39 0:00 3:02
Calle Jarnkrok 0 0 0 -1 0 2 0 0 0 0 0/0 5:51 0:00 0:00
Chandler Stephenson 0 0 0 0 0 1 0 0 0 1 1/2 14:39 0:00 1:47
Esa Lindell 0 0 0 -1 0 2 0 0 0 1 0/0 25:58 2:07 2:55
Ivan Provorov 0 0 0 -1 0 2 3 0 0 0 0/0 24:23 2:07 2:55
J.T. Compher 0 0 0 0 2 1 1 0 0 0 6/9 17:43 0:24 2:42
John Tavares 0 1 1 1 0 1 1 0 1 0 8/17 17:14 2:16 0:24
Josh Manson 0 0 0 1 5 2 0 1 0 0 0/0 12:30 0:00 0:00
Joshua Morrissey 0 0 0 0 2 0 1 1 0 0 0/0 23:28 3:50 0:00
Mark Scheifele 0 0 0 0 0 6 1 0 2 1 5/6 19:33 3:09 0:00
Mason Marchment 0 0 0 0 0 0 0 0 0 0 1/2 16:46 1:52 0:00
Max Domi 0 0 0 -1 2 1 0 0 0 0 2/2 7:35 0:19 0:24
Morgan Rielly 0 0 0 0 0 1 0 1 0 0 0/0 25:01 3:50 3:02
Nazem Kadri 0 0 0 0 0 3 1 0 2 2 14/23 19:53 3:41 1:04
William Nylander 0 1 1 1 0 4 2 0 4 0 0/0 18:52 3:41 0:00
3 Stars
1 - James Reimer (ANA)
2 - Frederik Andersen (TOR)
3 - Brady Tkachuk (TOR)
Power Play
Toronto Maple Leafs - 0 on 3 Attempt(s) - 0.00%
Anaheim Ducks - 0 on 3 Attempt(s) - 0.00%
Penalty Kill
Toronto Maple Leafs - 3 on 3 Attempt(s) - 100.00%
- Score 0 goal in Penalty Kill
Anaheim Ducks - 3 on 3 Attempt(s) - 100.00%
- Score 0 goal in Penalty Kill
Team Stat
Toronto Maple Leafs - Hits : 21 - Faceoff Wins : 27 - Blocked Shots : 16 - Penalty Minutes : 11
Anaheim Ducks - Hits : 13 - Faceoff Wins : 38 - Blocked Shots : 4 - Penalty Minutes : 11
Official
Referees : Justin Kea and Ian Walsh
Linesman : Mitchell Hunt and Travis Toomey
Game Notes
Josh Manson beats up Sam Bennett at 14:03 of 1st period
15:15 of 2nd period - Toronto Maple Leafs goal is going for a video replay. After video review, No Goal. The puck has been kicked using a distinct kicking motion.
Sean Walker is injured at 8:17 of 3rd period (Right Hand)
Finance
Level 1 -- Attendance: 4504 (75.07%) -- Ticket Income $450,400
Level 2 -- Attendance: 4079 (81.58%) -- Ticket Income $244,740
Level 3 -- Attendance: 2100 (70.00%) -- Ticket Income $96,600
Level 4 -- Attendance: 3853 (77.06%) -- Ticket Income $96,325
Luxury Box -- Attendance: 841 (84.10%) -- Ticket Income $168,200
Game was played at the Honda Center.
Total Attendance: 15377 (76.89%)
Total Ticket Income: $1,056,265
Other Income: $369,693
Total Income: $1,425,958
Toronto Maple Leafs
5 vs 5 Forward
Center Left Wing Right Wing Time % Phy DF OF
1 Tomas Hertl Brady Tkachuk Nicolas Roy 30 1 2 2
2 Wyatt Johnston Quinton Byfield Troy Terry 30 1 2 2
3 Nick Bjugstad Nino Niederreiter Andrew Mangiapane 25 1 2 2
4 Scott Laughton Sam Bennett Brandon Saad 15 1 2 2
5 vs 5 Defense
Defense Defense Time % Phy DF OF
1 Aaron Ekblad Ryan Pulock 33 1 2 2
2 Mario Ferraro Cody Ceci 32 1 2 2
3 Sean Walker Dougie Hamilton 31 1 2 2
4 Mario Ferraro Cody Ceci 4 1 2 2
PowerPlay Forward
Center Left Wing Right Wing Time % Phy DF OF
1 Tomas Hertl Brady Tkachuk Troy Terry 50 1 2 2
2 Wyatt Johnston Quinton Byfield Brandon Saad 50 1 2 2
PowerPlay Defense
Defense Defense Time % Phy DF OF
1 Dougie Hamilton Aaron Ekblad 50 1 2 2
2 Ryan Pulock Sean Walker 50 1 2 2
Penalty Kill 4 Players Forward
Center Wing Time % Phy DF OF
1 Nick Bjugstad Nicolas Roy 50 1 2 2
2 Scott Laughton Andrew Mangiapane 50 1 2 2
Penalty Kill 4 Players Defense
Defense Defense Time % Phy DF OF
1 Aaron Ekblad Mario Ferraro 50 1 2 2
2 Cody Ceci Ryan Pulock 50 1 2 2
Penalty Kill - 3 Players Forward
Forward Time % Phy DF OF
1 Nick Bjugstad 50 1 2 2
2 Scott Laughton 50 1 2 2
Penalty Kill - 3 Players Defense
Defense Defense Time % Phy DF OF
1 Mario Ferraro Aaron Ekblad 50 1 2 2
2 Cody Ceci Ryan Pulock 50 1 2 2
4 vs 4 Forward
Center Wing Time % Phy DF OF
1 Scott Laughton Troy Terry 50 1 2 2
2 Wyatt Johnston Brady Tkachuk 50 1 2 2
4 vs 4 Defense
Defense Defense Time % Phy DF OF
1 Cody Ceci Mario Ferraro 50 1 2 2
2 Aaron Ekblad Ryan Pulock 50 1 2 2
Last Minutes Offensive
Center Left Wing Right Wing Defense Defense
Tomas Hertl Brady Tkachuk Nick Bjugstad Aaron Ekblad Dougie Hamilton
Last Minutes Defensive
Center Left Wing Right Wing Defense Defense
Tomas Hertl Scott Laughton Nick Bjugstad Aaron Ekblad Ryan Pulock
Goaltenders
Starting : Frederik Andersen
Backup : Cam Talbot
Extra Forwards
Normal : Scott Laughton, Brandon Saad, Andrew Mangiapane - PP : Andrew Mangiapane, Sam Bennett - PK : Andrew Mangiapane
Extra Defensemen
Normal : Sean Walker, Dougie Hamilton, Mario Ferraro - PP : Cody Ceci - PK : Sean Walker, Dougie Hamilton
Penalty Shots
Dougie Hamilton, Nick Bjugstad, Quinton Byfield, Troy Terry, Nicolas Roy
Scratches
Bowen Byram (Healthy), Kyle Okposo (Healthy), Warren Foegele (Healthy), Luke Schenn (Healthy), Pierre Engvall (Healthy)
Anaheim Ducks
5 vs 5 Forward
Center Left Wing Right Wing Time % Phy DF OF
1 John Tavares Alex Killorn William Nylander 33 1 2 2
2 Mark Scheifele Brayden Schenn Mason Marchment 33 1 2 2
3 Nazem Kadri Chandler Stephenson J.T. Compher 33 1 1 3
4 Max Domi Calle Jarnkrok Alexey Toropchenko 1 1 2 2
5 vs 5 Defense
Defense Defense Time % Phy DF OF
1 Esa Lindell Joshua Morrissey 35 1 2 2
2 Morgan Rielly Ivan Provorov 35 1 2 2
3 Brenden Dillon Josh Manson 30 1 2 2
4 Esa Lindell Joshua Morrissey 0 1 2 2
PowerPlay Forward
Center Left Wing Right Wing Time % Phy DF OF
1 Nazem Kadri Mark Scheifele William Nylander 60 1 1 3
2 John Tavares Alex Killorn Mason Marchment 40 1 1 3
PowerPlay Defense
Defense Defense Time % Phy DF OF
1 Morgan Rielly Joshua Morrissey 60 1 1 3
2 Esa Lindell Ivan Provorov 40 1 1 3
Penalty Kill 4 Players Forward
Center Wing Time % Phy DF OF
1 J.T. Compher Brayden Schenn 55 1 3 1
2 Chandler Stephenson Alex Killorn 45 1 3 1
Penalty Kill 4 Players Defense
Defense Defense Time % Phy DF OF
1 Esa Lindell Ivan Provorov 50 1 3 1
2 Morgan Rielly Brenden Dillon 50 1 3 1
Penalty Kill - 3 Players Forward
Forward Time % Phy DF OF
1 J.T. Compher 50 1 4 0
2 Chandler Stephenson 50 1 4 0
Penalty Kill - 3 Players Defense
Defense Defense Time % Phy DF OF
1 Esa Lindell Ivan Provorov 50 1 4 0
2 Morgan Rielly Brenden Dillon 50 1 4 0
4 vs 4 Forward
Center Wing Time % Phy DF OF
1 Nazem Kadri William Nylander 60 1 2 2
2 John Tavares Mark Scheifele 40 1 2 2
4 vs 4 Defense
Defense Defense Time % Phy DF OF
1 Esa Lindell Morgan Rielly 50 1 2 2
2 Ivan Provorov Joshua Morrissey 50 1 2 2
Last Minutes Offensive
Center Left Wing Right Wing Defense Defense
Nazem Kadri William Nylander Mark Scheifele Joshua Morrissey Morgan Rielly
Last Minutes Defensive
Center Left Wing Right Wing Defense Defense
Chandler Stephenson Alex Killorn J.T. Compher Ivan Provorov Esa Lindell
Goaltenders
Starting : James Reimer
Backup : Linus Ullmark
Extra Forwards
Normal : William Nylander, Mark Scheifele, Nazem Kadri - PP : William Nylander, Nazem Kadri - PK : J.T. Compher
Extra Defensemen
Normal : Esa Lindell, Brenden Dillon, Ivan Provorov - PP : Joshua Morrissey - PK : Esa Lindell, Ivan Provorov
Penalty Shots
Brenden Dillon, Mark Scheifele, Calle Jarnkrok, John Tavares, Alex Killorn
Scratches
Jakob Chychrun (Healthy), Alexandre Texier (Healthy)
% Time on Ice - Toronto Maple Leafs
Lines # - Real PCT - Wanted PCT - Time Play
Normal Forward
1 - 25% - 30% - 12:11
2 - 35% - 30% - 16:57
3 - 24% - 25% - 11:21
4 - 16% - 15% - 7:37
Normal Defense
1 - 36% - 33% - 17:13
2 - 30% - 32% - 14:30
3 - 30% - 31% - 14:33
4 - 4% - 4% - 1:50
PP Forward
1 - 64% - 50% - 3:50
2 - 36% - 50% - 2:07
PP Defense
1 - 39% - 50% - 2:18
2 - 61% - 50% - 3:39
PK Forward
1 - 49% - 50% - 2:54
2 - 51% - 50% - 3:03
PK Defense
1 - 53% - 50% - 3:10
2 - 47% - 50% - 2:47
PK3 Forward
1 - 0% - 50%
2 - 0% - 50%
PK3 Defense
1 - 0% - 50%
2 - 0% - 50%
44 Forward
1 - 55% - 50% - 2:45
2 - 45% - 50% - 2:15
44 Defense
1 - 52% - 50% - 2:35
2 - 48% - 50% - 2:25
Last Minute Offensive - 0:00
Last Minute Defensive - 0:00
Total
Forward - 65:00
Defense - 65:00
|
% Time on Ice - Anaheim Ducks
Lines # - Real PCT - Wanted PCT - Time Play
Normal Forward
1 - 30% - 33% - 14:38
2 - 31% - 33% - 14:54
3 - 27% - 33% - 12:52
4 - 12% - 1% - 5:42
Normal Defense
1 - 35% - 35% - 16:44
2 - 34% - 35% - 16:11
3 - 32% - 30% - 15:11
4 - 0% - 0% - 0:00
PP Forward
1 - 62% - 60% - 3:41
2 - 38% - 40% - 2:16
PP Defense
1 - 64% - 60% - 3:50
2 - 36% - 40% - 2:07
PK Forward
1 - 70% - 55% - 4:10
2 - 30% - 45% - 1:47
PK Defense
1 - 49% - 50% - 2:55
2 - 51% - 50% - 3:02
PK3 Forward
1 - 0% - 50%
2 - 0% - 50%
PK3 Defense
1 - 0% - 50%
2 - 0% - 50%
44 Forward
1 - 77% - 60% - 3:52
2 - 23% - 40% - 1:08
44 Defense
1 - 54% - 50% - 2:43
2 - 46% - 50% - 2:17
Last Minute Offensive - 0:00
Last Minute Defensive - 0:00
Total
Forward - 65:00
Defense - 65:00
|
Play-by-Play
1st period
0:01 of 1st period - Tomas Hertl wins face-off versus John Tavares in neutral zone.
0:14 of 1st period - Wrist shot by John Tavares.
0:14 of 1st period - Shot Blocked by Ryan Pulock.
0:23 of 1st period - Icing by William Nylander.
0:24 of 1st period - Wyatt Johnston wins face-off versus Mason Marchment in Anaheim Ducks zone.
1:00 of 1st period - Wrist shot by J.T. Compher.
1:00 of 1st period - Shot Misses the Net.
1:18 of 1st period - Wrist shot by Chandler Stephenson.
1:18 of 1st period - Shot Blocked by Mario Ferraro.
1:45 of 1st period - Mario Ferraro is hit by J.T. Compher and loses puck.
2:24 of 1st period - Wrist shot by Andrew Mangiapane.
2:24 of 1st period - Shot Misses the Net.
2:26 of 1st period - Snap shot by Nick Bjugstad.
2:26 of 1st period - Stopped by James Reimer without a rebound.
2:27 of 1st period - John Tavares wins face-off versus Tomas Hertl in Anaheim Ducks zone.
3:21 of 1st period - Alexey Toropchenko is hit by Sam Bennett and loses puck.
4:01 of 1st period - Calle Jarnkrok is hit by Aaron Ekblad and loses puck.
4:20 of 1st period - Ryan Pulock is hit by John Tavares and loses puck.
4:42 of 1st period - Snap shot by Tomas Hertl.
4:42 of 1st period - Stopped by James Reimer without a rebound.
4:43 of 1st period - Wyatt Johnston wins face-off versus John Tavares in Anaheim Ducks zone.
5:19 of 1st period - Morgan Rielly is hit by Sean Walker.
5:23 of 1st period - Wrist shot by Mark Scheifele.
5:23 of 1st period - Stopped by Frederik Andersen without a rebound.
5:24 of 1st period - Tomas Hertl wins face-off versus Alex Killorn in Toronto Maple Leafs zone.
5:34 of 1st period - Off-side.
5:35 of 1st period - Alex Killorn wins face-off versus Tomas Hertl in neutral zone.
5:47 of 1st period - Snap shot by Tomas Hertl.
5:47 of 1st period - Stopped by James Reimer with a rebound.
5:49 of 1st period - Wrist shot by Nicolas Roy.
5:49 of 1st period - Deflect By Tomas Hertl.
5:49 of 1st period - Stopped by James Reimer with a rebound.
5:51 of 1st period - Wrist shot by Brady Tkachuk.
5:51 of 1st period - Stopped by James Reimer with a rebound.
6:11 of 1st period - Slapshot by Scott Laughton.
6:11 of 1st period - Shot Blocked by Joshua Morrissey.
7:17 of 1st period - Snap shot by William Nylander.
7:17 of 1st period - Shot Misses the Net.
8:18 of 1st period - Slapshot by Alexey Toropchenko.
8:18 of 1st period - Shot Blocked by Ryan Pulock.
8:32 of 1st period - Aaron Ekblad is hit by Alex Killorn and loses puck.
8:39 of 1st period - Wrist shot by William Nylander.
8:39 of 1st period - Stopped by Frederik Andersen with a rebound.
8:55 of 1st period - Aaron Ekblad is hit by Ivan Provorov.
9:46 of 1st period - Alex Killorn is hit by Brady Tkachuk and loses puck.
10:01 of 1st period - Wrist shot by Quinton Byfield.
10:01 of 1st period - Shot Misses the Net.
10:18 of 1st period - Off-side.
10:19 of 1st period - Scott Laughton wins face-off versus Mark Scheifele in neutral zone.
11:17 of 1st period - Snap shot by Tomas Hertl.
11:17 of 1st period - Shot Misses the Net.
11:33 of 1st period - Slapshot by Sam Bennett.
11:33 of 1st period - Stopped by James Reimer with a rebound.
11:35 of 1st period - Slapshot by Ryan Pulock.
11:35 of 1st period - Stopped by James Reimer with a rebound.
11:46 of 1st period - Icing by Alex Killorn.
11:47 of 1st period - John Tavares wins face-off versus Nick Bjugstad in Anaheim Ducks zone.
11:52 of 1st period - Andrew Mangiapane is hit by Nazem Kadri and loses puck.
12:44 of 1st period - Off-side.
12:45 of 1st period - Nazem Kadri wins face-off versus Tomas Hertl in neutral zone.
14:00 of 1st period - Backhand shot by Brandon Saad.
14:00 of 1st period - Stopped by James Reimer without a rebound.
14:01 of 1st period - Mark Scheifele wins face-off versus Scott Laughton in Anaheim Ducks zone.
14:03 of 1st period - Josh Manson beats up Sam Bennett.
14:03 of 1st period - Penalty to Josh Manson for Fighting.
14:03 of 1st period - Penalty to Sam Bennett for Fighting.
14:04 of 1st period - John Tavares wins face-off versus Tomas Hertl in neutral zone.
14:19 of 1st period - Snap shot by Tomas Hertl.
14:19 of 1st period - Shot Misses the Net.
14:41 of 1st period - Wrist shot by Mark Scheifele.
14:41 of 1st period - Shot Misses the Net.
14:49 of 1st period - Brenden Dillon is hit by Mario Ferraro and loses puck.
14:59 of 1st period - Off-side.
15:00 of 1st period - Nazem Kadri wins face-off versus Nick Bjugstad in neutral zone.
15:03 of 1st period - Snap shot by Chandler Stephenson.
15:03 of 1st period - Deflect By Nick Bjugstad.
15:03 of 1st period - Shot Misses the Net.
15:03 of 1st period - Puck is out of play.
15:04 of 1st period - Nick Bjugstad wins face-off versus Nazem Kadri in Toronto Maple Leafs zone.
15:20 of 1st period - Slapshot by Nino Niederreiter.
15:20 of 1st period - Shot Blocked by Morgan Rielly.
15:36 of 1st period - Backhand shot by Nino Niederreiter.
15:36 of 1st period - Stopped by James Reimer with a rebound.
15:58 of 1st period - Slapshot by Chandler Stephenson.
15:58 of 1st period - Shot Misses the Net.
16:02 of 1st period - Snap shot by Chandler Stephenson.
16:02 of 1st period - Shot Blocked by Ryan Pulock.
16:04 of 1st period - Snap shot by Ivan Provorov.
16:04 of 1st period - Stopped by Frederik Andersen with a rebound.
16:26 of 1st period - Slapshot by Chandler Stephenson.
16:26 of 1st period - Shot Misses the Net.
16:28 of 1st period - Wrist shot by J.T. Compher.
16:28 of 1st period - Shot Misses the Net.
16:52 of 1st period - Wrist shot by Nino Niederreiter.
16:52 of 1st period - Deflect By Nick Bjugstad.
16:52 of 1st period - Stopped by James Reimer without a rebound.
16:53 of 1st period - John Tavares wins face-off versus Tomas Hertl in Anaheim Ducks zone.
17:02 of 1st period - Snap shot by John Tavares.
17:02 of 1st period - Shot Misses the Net.
17:47 of 1st period - Brayden Schenn is hit by Cody Ceci and loses puck.
17:54 of 1st period - Snap shot by Tomas Hertl.
17:54 of 1st period - Stopped by James Reimer without a rebound.
17:55 of 1st period - Wyatt Johnston wins face-off versus John Tavares in Anaheim Ducks zone.
17:58 of 1st period - Backhand shot by Troy Terry.
17:58 of 1st period - Shot Misses the Net.
18:10 of 1st period - Wrist shot by Quinton Byfield.
18:10 of 1st period - Stopped by James Reimer with a rebound.
18:32 of 1st period - Icing by Mason Marchment.
18:33 of 1st period - Max Domi wins face-off versus Scott Laughton in Anaheim Ducks zone.
19:05 of 1st period - Snap shot by Brady Tkachuk.
19:05 of 1st period - Shot Misses the Net.
19:07 of 1st period - Snap shot by Wyatt Johnston.
19:07 of 1st period - Shot Misses the Net.
19:29 of 1st period - Snap shot by William Nylander.
19:29 of 1st period - Stopped by Frederik Andersen with a rebound.
19:43 of 1st period - Alex Killorn is hit by Brady Tkachuk and loses puck.
Goals for this period are 0 for Toronto Maple Leafs vs 0 for Anaheim Ducks.
Shots for this period are 12 for Toronto Maple Leafs vs 4 for Anaheim Ducks.
2nd period
0:01 of 2nd period - Mark Scheifele wins face-off versus Wyatt Johnston in neutral zone.
0:04 of 2nd period - Mario Ferraro is hit by Mark Scheifele and loses puck.
0:46 of 2nd period - Off-side.
0:47 of 2nd period - Nazem Kadri wins face-off versus Scott Laughton in neutral zone.
1:12 of 2nd period - Wrist shot by Mark Scheifele.
1:12 of 2nd period - Stopped by Frederik Andersen with a rebound.
2:01 of 2nd period - Slapshot by Sean Walker.
2:01 of 2nd period - Stopped by James Reimer with a rebound.
2:03 of 2nd period - Wrist shot by Nino Niederreiter.
2:03 of 2nd period - Shot Misses the Net.
2:05 of 2nd period - Snap shot by Nick Bjugstad.
2:05 of 2nd period - Stopped by James Reimer with a rebound.
2:36 of 2nd period - Brayden Schenn is hit by Cody Ceci and loses puck.
3:33 of 2nd period - Icing by Alexey Toropchenko.
3:34 of 2nd period - Wyatt Johnston wins face-off versus Alexey Toropchenko in Anaheim Ducks zone.
3:43 of 2nd period - Slapshot by Calle Jarnkrok.
3:43 of 2nd period - Stopped by Frederik Andersen with a rebound.
4:03 of 2nd period - Snap shot by Mark Scheifele.
4:03 of 2nd period - Stopped by Frederik Andersen with a rebound.
4:40 of 2nd period - Off-side.
4:41 of 2nd period - Nazem Kadri wins face-off versus Scott Laughton in neutral zone.
4:59 of 2nd period - Brandon Saad is hit by Ivan Provorov and loses puck.
5:49 of 2nd period - Wrist shot by Sam Bennett.
5:49 of 2nd period - Stopped by James Reimer with a rebound.
5:51 of 2nd period - Slapshot by Sam Bennett.
5:51 of 2nd period - Stopped by James Reimer without a rebound.
5:52 of 2nd period - Mark Scheifele wins face-off versus Wyatt Johnston in Anaheim Ducks zone.
6:28 of 2nd period - Wrist shot by Nicolas Roy.
6:28 of 2nd period - Stopped by James Reimer without a rebound.
6:29 of 2nd period - John Tavares wins face-off versus Wyatt Johnston in Anaheim Ducks zone.
6:34 of 2nd period - Wrist shot by Troy Terry.
6:34 of 2nd period - Stopped by James Reimer with a rebound.
6:46 of 2nd period - Alex Killorn is hit by Troy Terry and loses puck.
7:09 of 2nd period - Off-side.
7:10 of 2nd period - Tomas Hertl wins face-off versus Nazem Kadri in neutral zone.
7:22 of 2nd period - Wrist shot by Nicolas Roy.
7:22 of 2nd period - Shot Misses the Net.
8:01 of 2nd period - Icing by William Nylander.
8:02 of 2nd period - Nick Bjugstad wins face-off versus John Tavares in Anaheim Ducks zone.
8:05 of 2nd period - Snap shot by Andrew Mangiapane.
8:05 of 2nd period - Shot Misses the Net.
9:04 of 2nd period - Icing by J.T. Compher.
9:05 of 2nd period - Scott Laughton wins face-off versus Alexey Toropchenko in Anaheim Ducks zone.
9:14 of 2nd period - Snap shot by Brandon Saad.
9:14 of 2nd period - Stopped by James Reimer with a rebound.
9:44 of 2nd period - Snap shot by John Tavares.
9:44 of 2nd period - Shot Misses the Net.
9:58 of 2nd period - Wrist shot by Nazem Kadri.
9:58 of 2nd period - Stopped by Frederik Andersen without a rebound.
9:59 of 2nd period - J.T. Compher wins face-off versus Nicolas Roy in Toronto Maple Leafs zone.
10:26 of 2nd period - Chandler Stephenson is hit by Brandon Saad and loses puck.
10:35 of 2nd period - Snap shot by Scott Laughton.
10:35 of 2nd period - Stopped by James Reimer with a rebound.
10:55 of 2nd period - Wrist shot by Mark Scheifele.
10:55 of 2nd period - Stopped by Frederik Andersen with a rebound.
11:03 of 2nd period - Slapshot by Mark Scheifele.
11:03 of 2nd period - Deflect By Brayden Schenn.
11:03 of 2nd period - Stopped by Frederik Andersen without a rebound.
11:04 of 2nd period - Wyatt Johnston wins face-off versus John Tavares in Toronto Maple Leafs zone.
11:09 of 2nd period - Josh Manson is hit by Mario Ferraro and loses puck.
11:20 of 2nd period - Brenden Dillon is hit by Quinton Byfield and loses puck.
11:59 of 2nd period - Snap shot by Alexey Toropchenko.
11:59 of 2nd period - Stopped by Frederik Andersen without a rebound.
12:00 of 2nd period - John Tavares wins face-off versus Wyatt Johnston in Toronto Maple Leafs zone.
12:01 of 2nd period - Slapshot by William Nylander.
12:01 of 2nd period - Stopped by Frederik Andersen with a rebound.
12:25 of 2nd period - Brady Tkachuk is hit by Joshua Morrissey.
12:38 of 2nd period - Minor Penalty to Aaron Ekblad for Slashing.
12:39 of 2nd period - Nazem Kadri wins face-off versus Nick Bjugstad in Toronto Maple Leafs zone.
12:41 of 2nd period - Wrist shot by William Nylander.
12:41 of 2nd period - Shot Blocked by Mario Ferraro.
13:58 of 2nd period - Icing by Esa Lindell.
13:59 of 2nd period - Nick Bjugstad wins face-off versus John Tavares in Anaheim Ducks zone.
14:38 of 2nd period - Penalty to Aaron Ekblad is over, Aaron Ekblad is back on ice.
14:55 of 2nd period - Slapshot by Morgan Rielly.
14:55 of 2nd period - Shot Blocked by Sean Walker.
15:03 of 2nd period - Minor Penalty to Joshua Morrissey for Cross-checking.
15:04 of 2nd period - Tomas Hertl wins face-off versus J.T. Compher in Anaheim Ducks zone.
15:05 of 2nd period - Snap shot by Brady Tkachuk.
15:05 of 2nd period - Stopped by James Reimer with a rebound.
15:07 of 2nd period - Slapshot by Aaron Ekblad.
15:07 of 2nd period - Shot Misses the Net.
15:13 of 2nd period - Snap shot by Brady Tkachuk.
15:13 of 2nd period - Deflect By Tomas Hertl.
15:13 of 2nd period - Stopped by James Reimer with a rebound.
15:15 of 2nd period - Slapshot by Dougie Hamilton.
15:15 of 2nd period - Deflect By Brady Tkachuk.
15:15 of 2nd period - Toronto Maple Leafs goal is going for a video replay.
15:15 of 2nd period - The goal is refused. The puck has been kicked using a distinct kicking motion..
15:16 of 2nd period - Wyatt Johnston wins face-off versus J.T. Compher in Anaheim Ducks zone.
15:54 of 2nd period - Icing by Troy Terry.
15:55 of 2nd period - J.T. Compher wins face-off versus Tomas Hertl in Toronto Maple Leafs zone.
16:08 of 2nd period - Wrist shot by Troy Terry.
16:08 of 2nd period - Shot Blocked by Alex Killorn.
16:10 of 2nd period - Slapshot by Aaron Ekblad.
16:10 of 2nd period - Deflect By Chandler Stephenson.
16:10 of 2nd period - Stopped by James Reimer with a rebound.
16:12 of 2nd period - Wrist shot by Brady Tkachuk.
16:12 of 2nd period - Stopped by James Reimer without a rebound.
16:13 of 2nd period - Chandler Stephenson wins face-off versus Wyatt Johnston in Anaheim Ducks zone.
16:26 of 2nd period - Snap shot by J.T. Compher.
16:26 of 2nd period - Stopped by Frederik Andersen without a rebound.
16:27 of 2nd period - J.T. Compher wins face-off versus Tomas Hertl in Toronto Maple Leafs zone.
17:03 of 2nd period - Penalty to Joshua Morrissey is over, Joshua Morrissey is back on ice.
18:03 of 2nd period - Icing by Sean Walker.
18:04 of 2nd period - Tomas Hertl wins face-off versus John Tavares in Toronto Maple Leafs zone.
18:31 of 2nd period - Wrist shot by Brady Tkachuk.
18:31 of 2nd period - Goal by Brady Tkachuk - Toronto Maple Leafs : 1 - Anaheim Ducks : 0.
18:32 of 2nd period - John Tavares wins face-off versus Nick Bjugstad in neutral zone.
19:05 of 2nd period - Minor Penalty to Max Domi for Delaying the game.
19:06 of 2nd period - J.T. Compher wins face-off versus Wyatt Johnston in Anaheim Ducks zone.
19:18 of 2nd period - Slapshot by Brayden Schenn.
19:18 of 2nd period - Shot Blocked by Quinton Byfield.
19:20 of 2nd period - Slapshot by Morgan Rielly.
19:20 of 2nd period - Deflect By Brayden Schenn.
19:20 of 2nd period - Shot Blocked by Dougie Hamilton.
19:20 of 2nd period - Puck is out of play.
19:21 of 2nd period - J.T. Compher wins face-off versus Wyatt Johnston in Toronto Maple Leafs zone.
19:47 of 2nd period - Alex Killorn is hit by Dougie Hamilton and loses puck.
Goals for this period are 1 for Toronto Maple Leafs vs 0 for Anaheim Ducks.
Shots for this period are 14 for Toronto Maple Leafs vs 9 for Anaheim Ducks.
3rd period
0:01 of 3rd period - J.T. Compher wins face-off versus Wyatt Johnston in neutral zone.
1:05 of 3rd period - Penalty to Max Domi is over, Max Domi is back on ice.
1:22 of 3rd period - Ryan Pulock is hit by Brenden Dillon and loses puck.
2:14 of 3rd period - Snap shot by Chandler Stephenson.
2:14 of 3rd period - Shot Blocked by Troy Terry.
2:16 of 3rd period - Slapshot by Esa Lindell.
2:16 of 3rd period - Stopped by Frederik Andersen without a rebound.
2:17 of 3rd period - Wyatt Johnston wins face-off versus John Tavares in Toronto Maple Leafs zone.
2:37 of 3rd period - John Tavares is hit by Troy Terry and loses puck.
2:44 of 3rd period - Snap shot by Quinton Byfield.
2:44 of 3rd period - Shot Misses the Net.
3:15 of 3rd period - Snap shot by Alex Killorn.
3:15 of 3rd period - Goal by Alex Killorn - Toronto Maple Leafs : 1 - Anaheim Ducks : 1.
3:16 of 3rd period - Mark Scheifele wins face-off versus Tomas Hertl in neutral zone.
3:16 of 3rd period - Mark Scheifele is hit by Aaron Ekblad.
3:24 of 3rd period - Slapshot by Brady Tkachuk.
3:24 of 3rd period - Stopped by James Reimer with a rebound.
3:48 of 3rd period - Minor Penalty to J.T. Compher for Interference.
3:49 of 3rd period - Nazem Kadri wins face-off versus Wyatt Johnston in Anaheim Ducks zone.
3:55 of 3rd period - Wrist shot by Brayden Schenn.
3:55 of 3rd period - Stopped by Frederik Andersen with a rebound.
3:57 of 3rd period - Wrist shot by Nazem Kadri.
3:57 of 3rd period - Stopped by Frederik Andersen without a rebound.
3:58 of 3rd period - Nazem Kadri wins face-off versus Wyatt Johnston in Toronto Maple Leafs zone.
4:01 of 3rd period - Snap shot by Nazem Kadri.
4:01 of 3rd period - Shot Blocked by Quinton Byfield.
4:03 of 3rd period - Snap shot by Morgan Rielly.
4:03 of 3rd period - Deflect By Brayden Schenn.
4:03 of 3rd period - Stopped by Frederik Andersen without a rebound.
4:04 of 3rd period - Nazem Kadri wins face-off versus Brady Tkachuk in Toronto Maple Leafs zone.
5:01 of 3rd period - Chandler Stephenson is hit by Troy Terry.
5:48 of 3rd period - Penalty to J.T. Compher is over, J.T. Compher is back on ice.
5:49 of 3rd period - Minor Penalty to Sean Walker for Holding.
5:50 of 3rd period - Nazem Kadri wins face-off versus Andrew Mangiapane in Toronto Maple Leafs zone.
6:03 of 3rd period - Snap shot by William Nylander.
6:03 of 3rd period - Shot Blocked by Scott Laughton.
6:21 of 3rd period - Slapshot by Morgan Rielly.
6:21 of 3rd period - Stopped by Frederik Andersen with a rebound.
6:39 of 3rd period - Wrist shot by William Nylander.
6:39 of 3rd period - Deflect By Mark Scheifele.
6:39 of 3rd period - Shot Misses the Net.
6:39 of 3rd period - Puck is out of play.
6:40 of 3rd period - Scott Laughton wins face-off versus Nazem Kadri in Toronto Maple Leafs zone.
6:59 of 3rd period - Nazem Kadri is hit by Nicolas Roy.
7:49 of 3rd period - Penalty to Sean Walker is over, Sean Walker is back on ice.
7:50 of 3rd period - Snap shot by Alex Killorn.
7:50 of 3rd period - Stopped by Frederik Andersen with a rebound.
7:52 of 3rd period - Backhand shot by Esa Lindell.
7:52 of 3rd period - Stopped by Frederik Andersen with a rebound.
7:54 of 3rd period - Slapshot by Ivan Provorov.
7:54 of 3rd period - Stopped by Frederik Andersen without a rebound.
7:55 of 3rd period - John Tavares wins face-off versus Wyatt Johnston in Toronto Maple Leafs zone.
8:01 of 3rd period - Icing by Troy Terry.
8:02 of 3rd period - Max Domi wins face-off versus Wyatt Johnston in Toronto Maple Leafs zone.
8:07 of 3rd period - Snap shot by Calle Jarnkrok.
8:07 of 3rd period - Shot Misses the Net.
8:09 of 3rd period - Snap shot by Max Domi.
8:09 of 3rd period - Deflect By Alexey Toropchenko.
8:09 of 3rd period - Stopped by Frederik Andersen with a rebound.
8:11 of 3rd period - Slapshot by Calle Jarnkrok.
8:11 of 3rd period - Stopped by Frederik Andersen with a rebound.
8:13 of 3rd period - Slapshot by Max Domi.
8:13 of 3rd period - Shot Misses the Net.
8:15 of 3rd period - Slapshot by Brenden Dillon.
8:15 of 3rd period - Shot Blocked by Sean Walker.
8:17 of 3rd period - Snap shot by Max Domi.
8:17 of 3rd period - Shot Blocked by Sean Walker.
8:17 of 3rd period - Sean Walker from Toronto Maple Leafs is injured at 8:17 of 3rd period (Right Hand).
8:18 of 3rd period - Mason Marchment wins face-off versus Wyatt Johnston in Toronto Maple Leafs zone.
8:31 of 3rd period - Slapshot by Mark Scheifele.
8:31 of 3rd period - Stopped by Frederik Andersen with a rebound.
9:24 of 3rd period - Icing by Alexey Toropchenko.
9:25 of 3rd period - Mark Scheifele wins face-off versus Scott Laughton in Anaheim Ducks zone.
9:36 of 3rd period - Snap shot by Mason Marchment.
9:36 of 3rd period - Shot Misses the Net.
9:58 of 3rd period - Wrist shot by Chandler Stephenson.
9:58 of 3rd period - Stopped by Frederik Andersen without a rebound.
9:59 of 3rd period - Quinton Byfield wins face-off versus Chandler Stephenson in Toronto Maple Leafs zone.
10:04 of 3rd period - Chandler Stephenson is hit by Wyatt Johnston and loses puck.
10:38 of 3rd period - Snap shot by Alex Killorn.
10:38 of 3rd period - Shot Blocked by Aaron Ekblad.
10:53 of 3rd period - Snap shot by Troy Terry.
10:53 of 3rd period - Stopped by James Reimer with a rebound.
10:55 of 3rd period - Slapshot by Troy Terry.
10:55 of 3rd period - Stopped by James Reimer with a rebound.
10:57 of 3rd period - Wrist shot by Quinton Byfield.
10:57 of 3rd period - Stopped by James Reimer with a rebound.
10:59 of 3rd period - Snap shot by Dougie Hamilton.
10:59 of 3rd period - Stopped by James Reimer with a rebound.
11:01 of 3rd period - Snap shot by Troy Terry.
11:01 of 3rd period - Stopped by James Reimer with a rebound.
11:22 of 3rd period - Josh Manson is hit by Aaron Ekblad and loses puck.
11:43 of 3rd period - Snap shot by Mark Scheifele.
11:43 of 3rd period - Stopped by Frederik Andersen with a rebound.
12:08 of 3rd period - Snap shot by Quinton Byfield.
12:08 of 3rd period - Stopped by James Reimer with a rebound.
12:16 of 3rd period - Quinton Byfield is hit by Brayden Schenn and loses puck.
12:51 of 3rd period - Slapshot by Quinton Byfield.
12:51 of 3rd period - Stopped by James Reimer with a rebound.
14:36 of 3rd period - Wrist shot by Mason Marchment.
14:36 of 3rd period - Shot Misses the Net.
14:38 of 3rd period - Wrist shot by Brenden Dillon.
14:38 of 3rd period - Stopped by Frederik Andersen with a rebound.
14:40 of 3rd period - Slapshot by Josh Manson.
14:40 of 3rd period - Deflect By Troy Terry.
14:40 of 3rd period - Stopped by Frederik Andersen without a rebound.
14:41 of 3rd period - Tomas Hertl wins face-off versus Nazem Kadri in Toronto Maple Leafs zone.
14:52 of 3rd period - Snap shot by Brady Tkachuk.
14:52 of 3rd period - Stopped by James Reimer with a rebound.
15:17 of 3rd period - Off-side.
15:18 of 3rd period - Nazem Kadri wins face-off versus Nick Bjugstad in neutral zone.
15:21 of 3rd period - Slapshot by Joshua Morrissey.
15:21 of 3rd period - Deflect By Chandler Stephenson.
15:21 of 3rd period - Shot Blocked by Dougie Hamilton.
15:21 of 3rd period - Puck is out of play.
15:22 of 3rd period - Nick Bjugstad wins face-off versus Nazem Kadri in Toronto Maple Leafs zone.
15:27 of 3rd period - Wrist shot by Nazem Kadri.
15:27 of 3rd period - Shot Blocked by Dougie Hamilton.
15:29 of 3rd period - Slapshot by Joshua Morrissey.
15:29 of 3rd period - Shot Misses the Net.
15:31 of 3rd period - Wrist shot by Chandler Stephenson.
15:31 of 3rd period - Shot Misses the Net.
15:33 of 3rd period - Snap shot by Nazem Kadri.
15:33 of 3rd period - Stopped by Frederik Andersen without a rebound.
15:34 of 3rd period - Nick Bjugstad wins face-off versus Nazem Kadri in Toronto Maple Leafs zone.
15:37 of 3rd period - Wrist shot by J.T. Compher.
15:37 of 3rd period - Deflect By Chandler Stephenson.
15:37 of 3rd period - Shot Misses the Net.
15:37 of 3rd period - Puck is out of play.
15:38 of 3rd period - Nazem Kadri wins face-off versus Nick Bjugstad in Toronto Maple Leafs zone.
15:49 of 3rd period - Snap shot by Andrew Mangiapane.
15:49 of 3rd period - Stopped by James Reimer without a rebound.
15:50 of 3rd period - Nick Bjugstad wins face-off versus Nazem Kadri in Anaheim Ducks zone.
15:51 of 3rd period - Snap shot by Nino Niederreiter.
15:51 of 3rd period - Shot Blocked by Josh Manson.
16:25 of 3rd period - Snap shot by William Nylander.
16:25 of 3rd period - Stopped by Frederik Andersen with a rebound.
16:27 of 3rd period - Wrist shot by Josh Manson.
16:27 of 3rd period - Stopped by Frederik Andersen without a rebound.
16:28 of 3rd period - Tomas Hertl wins face-off versus John Tavares in Toronto Maple Leafs zone.
16:41 of 3rd period - Slapshot by Joshua Morrissey.
16:41 of 3rd period - Shot Misses the Net.
16:43 of 3rd period - Wrist shot by William Nylander.
16:43 of 3rd period - Shot Misses the Net.
16:53 of 3rd period - Chandler Stephenson is hit by Aaron Ekblad.
17:09 of 3rd period - Minor Penalty to Aaron Ekblad for Interference.
17:10 of 3rd period - Nick Bjugstad wins face-off versus Nazem Kadri in Toronto Maple Leafs zone.
17:58 of 3rd period - Off-side.
17:59 of 3rd period - Nazem Kadri wins face-off versus Nick Bjugstad in neutral zone.
18:18 of 3rd period - Wrist shot by Nicolas Roy.
18:18 of 3rd period - Stopped by James Reimer with a rebound.
19:06 of 3rd period - Scott Laughton is hit by William Nylander and loses puck.
19:09 of 3rd period - Penalty to Aaron Ekblad is over, Aaron Ekblad is back on ice.
Goals for this period are 0 for Toronto Maple Leafs vs 1 for Anaheim Ducks.
Shots for this period are 11 for Toronto Maple Leafs vs 19 for Anaheim Ducks.
Overtime #1
0:01 of 1st overtime period - Nazem Kadri wins face-off versus Scott Laughton in neutral zone.
0:26 of 1st overtime period - Nazem Kadri is hit by Cody Ceci and loses puck.
0:52 of 1st overtime period - Wrist shot by John Tavares.
0:52 of 1st overtime period - Stopped by Frederik Andersen without a rebound.
0:53 of 1st overtime period - Wyatt Johnston wins face-off versus Nazem Kadri in Toronto Maple Leafs zone.
1:20 of 1st overtime period - Brady Tkachuk is hit by Ivan Provorov and loses puck.
1:25 of 1st overtime period - Wrist shot by Mark Scheifele.
1:25 of 1st overtime period - Shot Misses the Net.
2:57 of 1st overtime period - Icing by Andrew Mangiapane.
2:58 of 1st overtime period - Nazem Kadri wins face-off versus Wyatt Johnston in Toronto Maple Leafs zone.
4:28 of 1st overtime period - Mario Ferraro is hit by William Nylander and loses puck.
4:56 of 1st overtime period - Wrist shot by Max Domi.
4:56 of 1st overtime period - Stopped by Frederik Andersen without a rebound.
4:57 of 1st overtime period - Wyatt Johnston wins face-off versus J.T. Compher in Toronto Maple Leafs zone.
Goals for this period are 0 for Toronto Maple Leafs vs 0 for Anaheim Ducks.
Shots for this period are 0 for Toronto Maple Leafs vs 2 for Anaheim Ducks.
ShootOut
5:00 of 1st overtime period - Round #1.
5:00 of 1st overtime period - Toronto Maple Leafs, Dougie Hamilton.
5:00 of 1st overtime period - Snap shot by Dougie Hamilton.
5:00 of 1st overtime period - Stopped by James Reimer.
5:00 of 1st overtime period - Anaheim Ducks, Brenden Dillon.
5:00 of 1st overtime period - Snap shot by Brenden Dillon.
5:00 of 1st overtime period - Stopped by Frederik Andersen.
5:00 of 1st overtime period - Round #2.
5:00 of 1st overtime period - Toronto Maple Leafs, Nick Bjugstad.
5:00 of 1st overtime period - Wrist shot by Nick Bjugstad.
5:00 of 1st overtime period - Goal by Nick Bjugstad.
5:00 of 1st overtime period - Anaheim Ducks, Mark Scheifele.
5:00 of 1st overtime period - Wrist shot by Mark Scheifele.
5:00 of 1st overtime period - Stopped by Frederik Andersen.
5:00 of 1st overtime period - Round #3.
5:00 of 1st overtime period - Toronto Maple Leafs, Quinton Byfield.
5:00 of 1st overtime period - Deke by Quinton Byfield.
5:00 of 1st overtime period - Goal by Quinton Byfield.
Back to the Top